 Dungeon Crawl Stone Soup version 0.16-a0-1301-gf74d490 (webtiles) character file.

1045 Ololoev the Basher (level 8, -1/61 HPs)
             Began as a Ghoul Gladiator on Oct 15, 2014.
             Slain by a sky beast (3 damage)
             ... on level 4 of the Dungeon.
             The game lasted 00:14:08 (4196 turns).

Ololoev the Basher (Ghoul Gladiator)                Turns: 4196, Time: 00:14:09

Health: -1/61      AC:  7    Str: 19    XL:     8   Next: 25%
Magic:  6/6        EV:  8    Int:  3    God:
Gold:   263        SH:  0    Dex: 11    Spells: 0 memorised, 7 levels left

rFire  . . .     SeeInvis .     a - +0 flail
rCold  + . .     Clarity  .     k - +0 scale mail
rNeg   + + +     SustAb   .     (no shield)
rPois  +         Saprov   + + + c - +0 helmet
rElec  .         Spirit   .     (no cloak)
rCorr  +         Warding  .     (no gloves)
rMut   .         Stasis   .     (no boots)
MR     +....                    g - amulet of resist corrosion
Stlth  ..........               (no ring)
                                i - ring of protection from magic

@: rotting, somewhat resistant to hostile enchantments, extremely unstealthy
A: rotting body, claws 1, carnivore 3, cold resistance 1, negative energy
resistance 3, poison resistance, saprovore 3, slow healing 1, torment
resistance, unbreathing
a: no special abilities


You were on level 4 of the Dungeon.
You were not hungry.

You visited 1 branch of the dungeon, and saw 5 of its levels.
You also visited: Sewer.

You collected 263 gold pieces.

Inventory:

Hand weapons
 a - a +0 flail (weapon)
Armour
 c - a +0 helmet (worn)
 k - a +0 scale mail (worn)
Jewellery
 g - an amulet of resist corrosion (around neck)
 i - a ring of protection from magic (left claw)
Scrolls
 e - 7 scrolls of remove curse
 h - 2 scrolls of enchant armour
 m - a scroll of magic mapping
 n - 3 scrolls of fear
 r - 4 scrolls of immolation
 x - 4 scrolls of teleportation
 y - a scroll of noise {unknown}
Potions
 b - a potion of curing
 l - a potion of cancellation
 p - 3 potions of restore abilities
 q - a potion of might
Comestibles
 d - a rotting chunk of adder flesh
 f - 2 meat rations
 j - 2 rotting chunks of big kobold flesh
 o - a slice of pizza
 s - 4 beef jerkies
 t - a rotting chunk of hobgoblin flesh
 u - a chunk of rat flesh
 v - a royal jelly


   Skills:
 - Level 2.1 Fighting
 + Level 9.1 Maces & Flails
 - Level 1.7 Throwing
 - Level 2.6 Dodging


You had 7 spell levels left.
You didn't know any spells.

Dungeon Overview and Level Annotations

Branches:
Dungeon (5/15)
 Temple: D:4-7

Altars:
Ashenzari
Makhleb
Ru
Sif Muna
Vehumet

Annotations:
D:5 Pikel


Innate Abilities, Weirdness & Mutations

Your body is rotting away.
You have sharp fingernails.
You are carnivorous and can eat meat at any time.
Your flesh is cold resistant.
You are immune to negative energy.
Your system is resistant to poisons.
You thrive on rotten meat.
You heal slowly when monsters are visible.
You are immune to unholy pain and torment.
You can survive without breathing.


Message History

Something hits you. Something shocks you.
You miss something. Something hits you. Something shocks you.
You miss something. Something hits you. Something shocks you.
You miss something. Something hits you but does no damage.
You miss something. Something hits you but does no damage.
You hit something but do no damage. Something hits you but does no damage.
You miss something. Something hits you.
* * * LOW HITPOINT WARNING * * *
Something shocks you.
* * * LOW HITPOINT WARNING * * *
Your scale mail prevents you from hitting something.
Something hits you.
* * * LOW HITPOINT WARNING * * *
Something shocks you.
* * * LOW HITPOINT WARNING * * *
You miss something. Something hits you but does no damage.
You closely miss something. Something hits you but does no damage.
You barely miss something. Something hits you but does no damage.
You miss something. Something hits you.
You die...

.%...# #.# #.# #.#
###### #.# #.## #.#
....# #.# #..###.#
###.# #.# ##.##..#
###.####.# #.#...#
.........####.##.##
###.#####.....##.#
....# #.######{#
###.# #.# #@# # #.#
#.# #.# # #.### #.#
#.# # #...# #.# #.#
# #.#.# #.# #.# #
#.#.###.## #.#
###....#...## #.#
.##.#.#.....####.#
.#.%)............#


There were no monsters in sight!

Vanquished Creatures
  2 ogres (D:4)
  7 big kobolds
  2 orc priests
  2 orc wizards (D:4)
  Ijyb (D:3)
  2 green rats (Sewer)
  7 adders
  A shadow imp (D:4)
  3 giant mites
  An orc skeleton (D:4)
  2 worms
  3 giant geckos
  4 oozes
  11 orcs
  5 ball pythons
  7 bats
  17 hobgoblins
  15 kobolds
  A quokka (D:3)
  8 giant cockroaches
  3 giant newts
  11 goblins
  A goblin skeleton (D:4)
  18 rats
134 creatures vanquished.

Notes
Turn   | Place    | Note
--------------------------------------------------------------
     0 | D:1      | Ololoev, the Ghoul Gladiator, began the quest for the Orb.
     0 | D:1      | Reached XP level 1. HP: 17/17 MP: 1/1
   325 | D:1      | Reached skill level 3 in Maces & Flails
   401 | D:1      | Reached XP level 2. HP: 24/24 MP: 2/2
   881 | D:2      | Reached XP level 3. HP: 21/29 MP: 3/3
  1184 | D:2      | Reached skill level 4 in Maces & Flails
  1397 | D:3      | Found a deep blue altar of Sif Muna.
  1406 | D:3      | Reached XP level 4. HP: 29/36 MP: 3/3
  1601 | D:3      | Found a glowing drain.
  1647 | Sewer    | Entered a sewer
  1665 | Sewer    | Noticed a big kobold
  1681 | Sewer    | Killed a big kobold
  1681 | Sewer    | Reached skill level 5 in Maces & Flails
  1681 | Sewer    | Reached XP level 5. HP: 30/41 MP: 4/4
  1705 | Sewer    | Noticed a big kobold
  1724 | Sewer    | Killed a big kobold
  1724 | Sewer    | Reached skill level 6 in Maces & Flails
  1724 | Sewer    | Reached XP level 6. HP: 48/48 MP: 5/5
  2266 | Sewer    | Noticed a big kobold
  2266 | Sewer    | Noticed a big kobold
  2291 | Sewer    | Killed a big kobold
  2304 | Sewer    | Killed a big kobold
  2321 | Sewer    | Noticed a big kobold
  2321 | Sewer    | Noticed a big kobold
  2387 | Sewer    | Killed a big kobold
  2387 | Sewer    | Reached skill level 7 in Maces & Flails
  2387 | Sewer    | Reached XP level 7. HP: 16/55 MP: 5/5
  2390 | Sewer    | Killed a big kobold
  2824 | D:3      | Noticed Ijyb
  2832 | D:3      | Killed Ijyb
  3039 | D:3      | Found a burning altar of Makhleb.
  3041 | D:3      | Found a sacrificial altar of Ru.
  3064 | D:3      | Found a radiant altar of Vehumet.
  3167 | D:3      | Found a shattered altar of Ashenzari.
  3295 | D:4      | Reached skill level 8 in Maces & Flails
  3386 | D:4      | Reached XP level 8. HP: 38/61 MP: 6/6
  3868 | D:4      | Reached skill level 9 in Maces & Flails
  4121 | D:5      | Entered Level 5 of the Dungeon
  4121 | D:5      | Noticed Pikel
  4192 | D:4      | HP: 2/61 [something (6)]
  4196 | D:4      | Slain by a sky beast

Action                   |  1- 3 |  4- 6 |  7- 9 || total
-------------------------+-------+-------+-------++-------
Melee: Flail             |   102 |   212 |   255 ||   569
Throw: Throwing net      |       |     1 |     3 ||     4
  Use: Scroll            |     5 |     2 |     4 ||    11
       Potion            |       |     4 |     1 ||     5
 Stab: Held in net/web   |       |       |     1 ||     1
  Eat: Chunk             |    11 |    16 |    20 ||    47
